 Dungeon Crawl Stone Soup version 0.27.0-1-g7a089689b8 (webtiles) character file.

Game seed: 5630318524051658124

7 robertstho the Magician (level 2, -2/22 HPs)
             Began as a Djinni Fire Elementalist on Aug 10, 2021.
             Slain by a jackal (3 damage)
             ... on level 1 of the Dungeon.
             The game lasted 00:00:32 (262 turns).

robertstho the Magician (Djinni Fire Elementalist)   Turns: 262, Time: 00:00:33

Health: -2/22      AC:  2    Str:  7    XL:     2   Next: 10%
Gold:   5          EV: 12    Int: 16    God:
                   SH:  0    Dex: 13

rFire    + + .     SeeInvis .   (no weapon)
rCold    x . .     Faith    .   (no shield)
rNeg     . . .     Spirit   .   a - +0 robe
rPois    ∞         Reflect  .   (no helmet)
rElec    .         Harm     .   (no cloak)
rCorr    .         Rampage  .   (no gloves)
Will     .....                  (boots unavailable)
Stlth    ++........             (no amulet)
HPRegen  0.07/turn              (no ring)
MPRegen  0.00/turn              (no ring)

@: flying
A: sickness immunity, fire resistance 2, cold vulnerability 1, float, innate
caster, hp casting, extra vitality 1
a: no special abilities


You were on level 1 of the Dungeon.
You visited 1 branch of the dungeon, and saw 1 of its levels.

You collected 5 gold pieces.

Inventory:

Armour
 a - a +0 robe (worn)


   Skills:
 * Level 0.4 Fighting
 + Level 2.2 Dodging
 + Level 1.5 Stealth
 * Level 2.7 Spellcasting


You couldn't memorise any spells.
You knew the following spells:

 Your Spells              Type           Power      Damage    Failure   Level
a - Foxfire               Conj/Fire      44%        2x1d6     6%          1
b - Conjure Flame         Conj/Fire      11%        6-21      19%         3
c - Inner Flame           Hex/Fire       11%        N/A       19%         3
d - Sticky Flame          Conj/Fire      11%        2d3       52%         4
e - Fireball              Conj/Fire      5%         3d5       86%         5
Your spell library was empty.

Dungeon Overview and Level Annotations

Branches:
Dungeon (1/15)

Altars:


Innate Abilities, Weirdness & Mutations

You are immune to sickness and miasma.
You are immune to poison.
Your flesh is very heat resistant. (rF++)
You are vulnerable to cold. (rC-)
You float through the air rather than walking.
You learn spells naturally, not from books.
Your magical power is your life essence.
You have superior vitality. (+4 HP)


Message History

The jackal closely misses you.
You have reached level 2!
Casting: Foxfire (safe; 6% risk of failure)
Press: ? - help, Q - select action Dir - look around, f - activate You conjure some foxfire!
* * * LOW HITPOINT WARNING * * *
The jackal barely misses you.
The jackal bites you but does no damage.
The foxfire hits the jackal.
The jackal is lightly wounded.
The foxfire hits the goblin.
The goblin is heavily wounded.
The jackal barely misses you.
The jackal bites you but does no damage. x2
The jackal closely misses you.
The jackal bites you but does no damage.
The goblin hits you with a +0 club.
* * * LOW HITPOINT WARNING * * *
Found 2 silver javelins.
Casting: Foxfire (safe; 6% risk of failure)
Press: ? - help, Q - select action Dir - look around, f - activate You conjure some foxfire!
* * * LOW HITPOINT WARNING * * *
The jackal barely misses you. The jackal closely misses you.
The goblin barely misses you.
Your foxfire dissipates!
The foxfire hits the goblin.
You kill the goblin!
The jackal barely misses you.
You aren't carrying any potions.
You aren't carrying any scrolls.
You aren't carrying any items that you can evoke.
Sorry, you're not good enough to have a special ability.
Unknown command.
The jackal misses you. The jackal bites you.
* * * LOW HITPOINT WARNING * * *
Found an escape hatch in the floor.
The jackal bites you.
You die...

### #.. #.# #####.#
###...#.###
#.........# # #
#.........###.## #
#.)......hh@...# #
#.†.......###.##
######.#.......# #
.......#.........
########..........>
# #..(......## #
#.##.......# # #.
#...###.# #


You could see 2 jackals.

Vanquished Creatures
  An endoplasm (D:1)
  A goblin (D:1)
  A jackal (D:1)
  A kobold (D:1)
  2 ball pythons (D:1)
6 creatures vanquished.

Vanquished Creatures (others)
  20 foxfires (D:1)
20 creatures vanquished.

Grand Total: 26 creatures vanquished

Notes
Turn   | Place    | Note
-------+----------+-------------------------------------------
     0 | D:1      | robertstho the Djinni Fire Elementalist began the quest for
                  | the Orb.
     0 | D:1      | Reached XP level 1. HP: 15/15 MP: 0/0
   247 | D:1      | Reached XP level 2. HP: 6/22 MP: 0/0
   256 | D:1      | HP: 1/22 [jackal (1)]
   262 | D:1      | Slain by a jackal

Illustrated notes

Levels and vault maps discovered:
D:1:      co_arrival_random_square_maze, layout_loops_ring,
          hellmonk_ecumenical_altar_blasted, serial_park_tiny_pond,
          minmay_split_cup_small

Action                   || total
-------------------------++-------
 Cast: Foxfire           ||    13
Armor: Robe              ||     7
Dodge: Dodged            ||    18
